 Dungeon Crawl Stone Soup version 0.26-a0-1132-ge9770dfcb6 (webtiles) character file.

Game seed: 337846384459338401

43203 Dracia the Grappler (level 13, -16/110 HPs)
             Began as a Troll Monk on Dec 20, 2020.
             Demolished by an acid blob (37 damage)
             ... on level 5 of the Lair of Beasts.
             The game lasted 00:34:43 (14305 turns).

Dracia the Grappler (Troll Monk)                   Turns: 14305, Time: 00:34:44

Health: -16/110    AC:  9    Str: 22      XL:     13   Next: 89%
Magic:  12/12      EV: 18    Int:  5 (6)  God:
Gold:   804        SH: 19    Dex: 15 (16) Spells: 12/12 levels left

rFire    . . .     SeeInvis .     - Unarmed
rCold    + . .     Faith    .   m - +1 tower shield
rNeg     . . .     Spirit   .   C - +0 troll leather armour
rPois    +         Reflect  .   B - +2 hat
rElec    .         Harm     .   t - scarf {repulsion}
rCorr    .         Rampage  .   (gloves unavailable)
Will     .....                  (boots unavailable)
Stlth    +.........             (no amulet)
HPRegen  1.08/turn              E - +4 ring of evasion
MPRegen  0.13/turn              P - ring of poison resistance

@: repel missiles
A: large, unfitting armour, claws 3, blink, cold resistance 1, deformed body,
deterioration 1, frail 1, regeneration 1, shaggy fur 1, tough skin 3, wild magic
1
a: Blink


You were on level 5 of the Lair of Beasts.
You visited 4 branches of the dungeon, and saw 18 of its levels.
You also visited: Gauntlet.

You collected 804 gold pieces.


Innate Abilities, Weirdness & Mutations

You are too large for most types of armour.
You have claws for hands.
Your natural rate of healing is unusually fast.
You are covered in fur. (AC +1)
You have extremely tough skin. (AC +3)
You can translocate small distances at will.
Your flesh is cold resistant. (rC+)
Armour fits poorly on your strangely shaped body.
Your body sometimes deteriorates upon taking damage.
You are frail. (-10% HP)
Your spells are a little harder to cast, but a little more powerful.


   Skills:
 - Level 6.7 Fighting
 + Level 6.1 Armour
 - Level 10.0 Dodging
 - Level 1.0 Stealth
 + Level 11.1 Shields
 + Level 12.3 Unarmed Combat
 - Level 5.0 Evocations


You had 12 spell levels left.
You didn't know any spells.
Your spell library contained the following spells:

 Spells                   Type           Power        Failure   Level
 Magic Dart               Conj           0%           86%         1
 Blink                    Tloc           N/A          95%         2
 Call Imp                 Summ           0%           95%         2
 Poisonous Vapours        Pois/Air       0%           95%         2
 Slow                     Hex            0%           95%         2
 Conjure Flame            Conj/Fire      0%           99%         3
 Mephitic Cloud           Conj/Pois/Air  0%           99%         3
 Cause Fear               Hex            0%           100%        4
 Bolt of Magma            Conj/Fire/Erth 0%           100%        5
 Iskenderun's Battlesphe  Conj           0%           100%        5
 Silence                  Hex/Air        0%           100%        5
 Yara's Violent Unravell  Hex/Tmut       0%           100%        5
 Freezing Cloud           Conj/Ice/Air   0%           100%        6
 Iron Shot                Conj/Erth      0%           100%        6
 Orb of Destruction       Conj           0%           100%        7
 Spellforged Servitor     Conj/Summ      0%           100%        7
 Discord                  Hex            0%           100%        8

Inventory:

Missiles
 o - 41 poisoned darts (quivered)
 G - 2 atropa-tipped darts
Armour
 m - a +1 tower shield (worn)
 t - a scarf of repulsion (worn)
 y - a scarf of harm
 B - a +2 hat (worn)
 C - a +0 troll leather armour (worn)
Magical Staves
 r - an uncursed staff of death {!a!a, unknown}
Jewellery
 E - a +4 ring of evasion (left claw)
 I - a +6 ring of intelligence
 N - an uncursed ring of positive energy
 P - a ring of poison resistance (right claw)
 T - an uncursed amulet of faith {!P!P}
Wands
 d - a wand of paralysis (7)
 g - a wand of iceblast (6)
 x - a wand of polymorph (7)
 A - a wand of digging (3)
Scrolls
 e - a scroll of enchant weapon
 i - 11 scrolls of remove curse {@r2@r2}
 j - 3 scrolls of amnesia
 l - 2 scrolls of fog
 p - 4 scrolls of teleportation {@r4@r4}
 q - 8 scrolls of identify {@r1@r1}
 s - a scroll of torment
 u - a scroll of fear
Potions
 c - a potion of brilliance
 f - a potion of heal wounds {@q2@q2}
 k - 3 potions of might
 D - a potion of ambrosia
 F - a potion of flight
Miscellaneous
 a - a condenser vane
 h - a phial of floods
 n - a box of beasts

Dungeon Overview and Level Annotations

Branches:
Dungeon (10/15)            Temple (1/1) D:7            Lair (6/6) D:8
  Swamp (0/4) Lair:4        Snake (0/4) Lair:3        Slime (1/5) Lair:5
    Orc (0/2) D:9         Gauntlet (visited)

Altars:
Ashenzari
Cheibriados
Dithmenos
Elyvilon
Fedhas
Gozag
Hepliaklqana
Kikubaaqudgha
Makhleb
Nemelex Xobeh
Okawaru
Qazlal
Ru
Sif Muna
Trog
Uskayaw
Vehumet
Wu Jian
Xom
Yredelemnul
Zin
The Shining One

Shops:
D:8 (   D:10 }

Annotations:
D:4 3 runed translucent doors, Gypyx's ghost, amateur MiFi
Lair:2 exclusion: 2 oklob plants

.#.# #.##.##
..###...........#.##
##....................
............#.##..#.#
#P.........##..#.#.##
#..........##...[...#
#.........##.....#.#
##.........#.......##...
#...?...........@.......
#...........###JJJr###..
##.............#....#
####..[...##..##....#
##.#.......#### .#.##
#!...>....####..##.#
##............... ..
#.#..P...#........ ..
##....รท...#.......


You could see an acid blob, 2 slime creatures and a hell rat.


Message History

The splash of acid misses you.
You claw the acid blob!
Your claws burn!
* * * LOW HITPOINT WARNING * * *
The acid blob is severely wounded.
The slime creature barely misses you. The acid blob spits acid at you.
The splash of acid misses you. You block the slime creature's attack.
You scratch the acid blob but do no damage.
Your claws burn!
* * * LOW HITPOINT WARNING * * *
The acid blob is severely wounded.
You block the slime creature's attack.
The acid blob jiggles.
The acid blob spits acid at you. The splash of acid misses you.
The slime creature closely misses you.
You mangle the acid blob!!
Your claws burn!
* * * LOW HITPOINT WARNING * * *
The acid blob is almost dead.
You block the slime creature's attack. The acid blob misses you.
You barely miss the acid blob.
The acid blob is almost dead.
You block the slime creature's attack. x2; You block the acid blob's attack.
Unknown command.
You claw the acid blob!
Your claws burn!
* * * LOW HITPOINT WARNING * * *
The acid blob is almost dead.
The slime creature hits you!
* * * LOW HITPOINT WARNING * * *
The acid blob hits you!!!
You die...

Skill      XL: |  1  2  3  4  5  6  7  8  9 10 11 12 13 |
---------------+----------------------------------------+-----
Unarmed Combat | 4 5 6 7 9 10 12 | 12.3
Fighting       | 3 4 6 |  6.7
Dodging        | 3 4 6 7 8 9 10 | 10.0
Shields        | 2 3 4 6 7 9 10 11 | 11.1
Evocations     | 5 |  5.0
Armour         | 3 6 |  6.1
Stealth        | |  1.0

Action                   |  1- 3 |  4- 6 |  7- 9 | 10-12 | 13-15 || total
-------------------------+-------+-------+-------+-------+-------++-------
Melee: Unarmed           |   100 |   211 |   349 |   731 |   445 ||  1836
       Punch             |     1 |       |       |       |       ||     1
       Peck              |       |    11 |    73 |   152 |    85 ||   321
Throw: Dart              |       |       |     1 |       |       ||     1
Evoke: Wand              |       |       |       |    15 |       ||    15
       Condenser vane    |       |       |       |     1 |       ||     1
  Use: Potion            |       |     6 |     5 |     2 |     2 ||    15
       Scroll            |       |     5 |    11 |     3 |     2 ||    21
 Stab: Sleeping          |     2 |     7 |     1 |     1 |       ||    11
       Distracted        |     1 |       |       |       |       ||     1
Armor: Robe              |    41 |    70 |    56 |     5 |       ||   172
       Troll leather arm |       |       |       |   116 |    39 ||   155
Dodge: Dodged            |    56 |    52 |   105 |   355 |   210 ||   778
       Repelled          |       |       |       |       |     2 ||     2
Block: Tower shield      |       |    96 |   261 |   694 |   446 ||  1497

Levels and vault maps discovered:
D:1:      nagdon_arrival_double_spiral, layout_basic
D:2:      layout_basic, hangedman_glass_teeth, uniq_robin
D:3:      layout_loops_corners, uniq_jessica
D:4:      layout_cave_pools, grunt_temple_overflow_order_and_chaos_2,
          fiery_altar_vehumet, ebering_ghost_rock_garden, hangedman_decor_points
D:5:      layout_cave_pools, hangedman_minor_gate_pass
D:6:      layout_loops_ring, lemuel_doored_altar, kennysheep_mini,
          ebering_ghost_sewer_d
D:7:      layout_basic, minmay_temple_entry_sparse_star
D:8:      layout_gridville, tgw_xom, due_lair_maze_entry_diamond, serial_shops,
          shop
D:9:      layout_basic, gammafunk_temple_overflow_statue, david_orc_3,
          cheibriados_altar_1, uniq_grum
D:10:     layout_cave_pools, serial_shops, nicolae_shop_statue_plus, uniq_erica
Temple:   eino_temple_lava
Lair:1:   layout_gridlike, beast_lair_carwin_9, uniq_gastronok
Lair:2:   layout_misc_corridors, serial_bayou_shore_b,
          infiniplex_staircase_pool, grunt_megastairs_2,
          minmay_lair_oklob_chamber
Lair:3:   layout_chaotic_city, guppyfry_snake_entry_garden
Lair:4:   layout_cave_shapes, skrybe_swamp_entry_bodies, gauntlet_entry_generic
Lair:5:   onia_ninara_swampy_vault, layout_gridlike,
          minmay_slime_entry_jelly_boxes
Lair:6:   guppyfry_lair_end_dragon, layout_regular_city,
          hangedman_lair_tendril_chambers
Slime:1:  layout_caves

Notes
Turn   | Place    | Note
-------+----------+-------------------------------------------
     0 | D:1      | Dracia the Troll Monk began the quest for the Orb.
     0 | D:1      | Reached XP level 1. HP: 22/22 MP: 0/0
   141 | D:1      | Reached XP level 2. HP: 27/29 MP: 1/1
   415 | D:1      | Reached XP level 3. HP: 36/36 MP: 2/2
   735 | D:2      | Noticed Robin
   740 | D:2      | Killed Robin
   903 | D:2      | Reached skill level 4 in Unarmed Combat
   966 | D:2      | Reached XP level 4. HP: 44/44 MP: 3/3
  1100 | D:2      | Reached skill level 3 in Fighting
  1101 | D:2      | Reached skill level 3 in Dodging
  1109 | D:2      | Reached XP level 5. HP: 53/53 MP: 4/4
  1664 | D:3      | Noticed Jessica
  1666 | D:3      | Killed Jessica
  1667 | D:3      | Reached skill level 5 in Unarmed Combat
  1880 | D:3      | Reached XP level 6. HP: 61/61 MP: 5/5
  1964 | D:3      | Reached skill level 1 in Shields
  2350 | D:3      | Gained mutation: You have a beak for a mouth. [potion of
                  | mutation]
  2350 | D:3      | Gained mutation: Your spells are a little harder to cast,
                  | but a little more powerful. [potion of mutation]
  2510 | D:4      | Found a burning altar of Makhleb.
  2516 | D:4      | Found a glowing silver altar of Zin.
  2516 | D:4      | Noticed an angel
  2517 | D:4      | Noticed a balrug
  2539 | D:4      | Found a runed translucent gate.
  2539 | D:4      | Found a runed translucent gate.
  2539 | D:4      | Found a runed translucent gate.
  2540 | D:4      | Noticed Gypyx's ghost (amateur MiFi)
  2670 | D:4      | Found a radiant altar of Vehumet.
  2754 | D:4      | Reached skill level 4 in Dodging
  2774 | D:4      | Reached skill level 2 in Shields
  2776 | D:4      | Reached XP level 7. HP: 35/67 MP: 6/6
  3061 | D:5      | Entered Level 5 of the Dungeon
  3112 | D:5      | Reached skill level 6 in Unarmed Combat
  3399 | D:5      | Reached skill level 3 in Shields
  3736 | D:6      | Found a runed translucent door.
  3737 | D:6      | Noticed Dracia's ghost (amateur MfIE)
  3952 | D:6      | Found a glowing golden altar of the Shining One.
  4025 | D:6      | Reached XP level 8. HP: 75/75 MP: 7/7
  4048 | D:6      | Found a sacrificial altar of Ru.
  4134 | D:6      | Reached skill level 5 in Dodging
  4235 | D:6      | Killed Dracia's ghost
  4560 | D:7      | Reached skill level 7 in Unarmed Combat
  4561 | D:7      | Reached skill level 4 in Shields
  4948 | D:7      | Found a staircase to the Ecumenical Temple.
  4958 | Temple   | Entered the Ecumenical Temple
  5461 | D:8      | Reached skill level 6 in Dodging
  5463 | D:8      | Reached XP level 9. HP: 77/83 MP: 8/8
  5469 | D:8      | Reached skill level 5 in Shields
  5474 | D:8      | Reached skill level 8 in Unarmed Combat
  5522 | D:8      | Found a staircase to the Lair.
  5744 | D:8      | Found a shimmering altar of Xom.
  5887 | D:8      | Found Byxkewk's Weapon Shop.
  6334 | D:9      | Reached skill level 7 in Dodging
  6344 | D:9      | Noticed a troll
  6353 | D:9      | Killed a troll
  6354 | D:9      | Reached skill level 6 in Shields
  6354 | D:9      | Reached skill level 9 in Unarmed Combat
  6484 | D:9      | Found a staircase to the Orcish Mines.
  6496 | D:9      | Reached XP level 10. HP: 87/91 MP: 9/9
  6863 | D:9      | Noticed Grum
  6875 | D:9      | Killed Grum
  7242 | D:9      | Found a snail-covered altar of Cheibriados.
  7434 | D:9      | Found a broken altar of Ashenzari.
  7434 | D:9      | Found a stormy altar of Qazlal.
  7504 | D:9      | Reached skill level 7 in Shields
  7680 | D:10     | Entered Level 10 of the Dungeon
  7689 | D:10     | Reached skill level 8 in Dodging
  7844 | D:10     | Reached skill level 10 in Unarmed Combat
  7925 | D:10     | Killed an unseen horror
  8227 | D:10     | Reached skill level 4 in Fighting
  8394 | D:10     | Killed an unseen horror
  8545 | D:10     | Noticed Erica
  8562 | D:10     | Killed Erica
  8563 | D:10     | Reached XP level 11. HP: 87/101 MP: 10/10
  8597 | D:10     | Found Kupam's Gadget Emporium.
  8626 | D:10     | Noticed a two-headed ogre
  8636 | D:10     | Killed a two-headed ogre
  8637 | D:10     | Reached skill level 8 in Shields
  9007 | Lair:1   | Entered Level 1 of the Lair of Beasts
  9072 | Lair:1   | Reached skill level 5 in Fighting
  9072 | Lair:1   | Reached skill level 9 in Dodging
  9430 | Lair:1   | Reached skill level 6 in Fighting
  9556 | Lair:1   | Noticed Gastronok
  9581 | Lair:1   | Killed Gastronok
  9582 | Lair:1   | Reached skill level 9 in Shields
  9711 | Lair:1   | Reached XP level 12. HP: 83/115 MP: 11/11
  9925 | Lair:1   | Noticed a seven-headed hydra
  9932 | Lair:1   | Killed a seven-headed hydra
  9933 | Lair:1   | Reached skill level 1 in Evocations
 10238 | Lair:2   | Reached skill level 2 in Evocations
 10386 | Lair:2   | Reached skill level 3 in Evocations
 10599 | Lair:2   | Reached skill level 4 in Evocations
 10794 | Lair:3   | Found a staircase to the Snake Pit.
 10981 | Lair:3   | Reached skill level 5 in Evocations
 10981 | Lair:3   | Reached skill level 10 in Dodging
 11038 | Lair:3   | Noticed an eight-headed hydra
 11044 | Lair:3   | Killed an eight-headed hydra
 11045 | Lair:3   | Reached skill level 1 in Armour
 11211 | Lair:3   | Reached skill level 2 in Armour
 11226 | Lair:3   | Noticed a four-headed hydra
 11238 | Lair:3   | Killed a four-headed hydra
 11832 | Lair:4   | Reached skill level 3 in Armour
 11867 | Lair:4   | Reached skill level 10 in Shields
 11883 | Lair:4   | Found a gate leading to a gauntlet.
 11900 | Lair:4   | Reached XP level 13. HP: 118/123 MP: 12/12
 11901 | Gauntlet | Entered a Gauntlet
 11901 | Gauntlet | Found a transporter.
 11901 | Gauntlet | Found a transporter.
 11901 | Gauntlet | Found a transporter.
 11902 | Gauntlet | Found a transporter.
 11906 | Gauntlet | Found a transporter.
 11920 | Gauntlet | Found a transporter.
 11944 | Gauntlet | Found a transporter.
 11956 | Gauntlet | Found a transporter.
 11964 | Gauntlet | Found a transporter.
 11982 | Gauntlet | Found a transporter.
 11990 | Gauntlet | Found a transporter.
 12074 | Gauntlet | Found a transporter.
 12268 | Lair:4   | Reached skill level 11 in Unarmed Combat
 12472 | Lair:4   | Reached skill level 4 in Armour
 12563 | Lair:4   | Found a staircase to the Swamp.
 13091 | Lair:6   | Entered Level 6 of the Lair of Beasts
 13508 | Lair:6   | Reached skill level 5 in Armour
 13860 | Lair:5   | Reached skill level 12 in Unarmed Combat
 13889 | Lair:5   | Found a staircase to the Slime Pits.
 13904 | Slime:1  | Entered Level 1 of the Pits of Slime
 13906 | Slime:1  | Gained mutation: Your flesh is cold resistant. (rC+) [a
                  | shining eye]
 13910 | Slime:1  | Gained mutation: You tend to lose your temper in combat. [a
                  | shining eye]
 13912 | Slime:1  | Lost mutation: You have a beak for a mouth. [a shining eye]
 13914 | Slime:1  | Gained mutation: Your body sometimes deteriorates upon
                  | taking damage. [a shining eye]
 13915 | Slime:1  | Gained mutation: You are frail. (-10% HP) [a shining eye]
 13917 | Slime:1  | Gained mutation: Armour fits poorly on your strangely
                  | shaped body. [a shining eye]
 13918 | Slime:1  | Lost mutation: You tend to lose your temper in combat. [a
                  | shining eye]
 13962 | Lair:5   | HP: 5/110 [death yak (11)]
 13967 | Lair:5   | Reached skill level 11 in Shields
 14058 | Slime:1  | Gained mutation: You can translocate small distances at
                  | will. [a shining eye]
 14061 | Slime:1  | Reached skill level 6 in Armour
 14063 | Slime:1  | Noticed an acid blob
 14305 | Lair:5   | Demolished by an acid blob

Vanquished Creatures
  Gastronok (Lair:1)
  3 hydras
  A catoblepas (Lair:5)
  Erica (D:10)
  A two-headed ogre (D:10)
  7 death yaks
  2 unseen horrors (D:10)
  2 bog bodies (Lair:4)
  A lindwurm (Lair:4)
  A shining eye (Slime:1)
  8 black mambas
  18 cane toads
  A rime drake (Lair:3)
  2 komodo dragons
  2 polar bears
  2 trolls
  20 blink frogs
  8 slime creatures
  3 basilisks
  40 yaks
  3 wyverns
  Grum (D:9)
  3 nagas (Lair:3)
  A warg (D:9)
  The ghost of Dracia the Chiller, an amateur MfIE of Hepliaklqana (D:6)
  15 water moccasins
  2 sky beasts
  3 orc warriors
  An ice beast (D:9)
  A phantom (D:9)
  2 black bears (D:8)
  4 ogres
  A necrophage (D:10)
  4 boggarts (D:9)
  3 centaurs
  10 wolves
  21 bullfrogs
  6 scorpions
  19 killer bees
  4 wights (D:7)
  3 howler monkeys
  A centaur zombie (D:6)
  A bullfrog zombie (D:10)
  A quasit (D:9)
  7 orc priests
  15 jellies
  2 bullfrog skeletons
  3 hounds
  Jessica (D:3)
  4 iguanas
  7 orc wizards
  4 hell rats
  4 worker ants (D:4)
  A killer bee zombie (D:9)
  3 hound skeletons
  A worker ant zombie (D:10)
  Robin (D:2)
  A gnoll (D:1)
  A howler monkey skeleton (D:10)
  16 adders
  4 white imps
  2 ufetubi
  6 oozes
  An adder skeleton (D:4)
  2 worms
  A dart slug (D:2)
  3 leopard geckos
  42 orcs
  A ball python (D:6)
  6 bats
  5 giant cockroaches
  16 goblins
  12 hobgoblins
  13 jackals
  8 kobolds
  4 quokkas
  8 frilled lizards
  A jackal skeleton (D:7)
  A jackal zombie (D:5)
  10 rats
452 creatures vanquished.

Vanquished Creatures (others)
  A demonic plant (Gauntlet)
  39 fungi
  100 plants
140 creatures vanquished.

Grand Total: 592 creatures vanquished

Table legend: (Time is in decaauts)
 A = Elapsed time spent in this place.
 B = Non-inter-level travel time spent in this place.
 C = Inter-level travel time spent in this place.
 D = Time resting spent in this place.
 E = Time spent auto-exploring this place.
 F = Levels seen in this place.
 G = Mean time per level.
                   A        B        C        D        E       F      G
               +--------+--------+--------+--------+--------+-----+--------+
         Total |  14278 |  13625 |    653 |   1892 |   7766 |  19 |  751.5 |
       Dungeon |   8936 |   8463 |    473 |   1160 |   5353 |  10 |  893.6 |
        Temple |     70 |     70 |      0 |      0 |     56 |   1 |   70.0 |
          Lair |   5001 |   4821 |    180 |    732 |   2357 |   6 |  833.5 |
    Slime Pits |     28 |     28 |      0 |      0 |      0 |   1 |   28.0 |
      Gauntlet |    241 |    241 |      0 |      0 |      0 |   1 |  241.0 |
               +--------+--------+--------+--------+--------+-----+--------+

Top non-repeatable levels by time:
     D:9: 1798 daAuts
  Lair:1: 1103 daAuts
     D:3: 1063 daAuts
     D:8: 998 daAuts
  Lair:3: 989 daAuts
  Lair:4: 906 daAuts
    D:10: 906 daAuts
     D:6: 897 daAuts
  Lair:6: 793 daAuts
     D:1: 790 daAuts
     D:7: 710 daAuts
  Lair:2: 684 daAuts
     D:2: 629 daAuts
     D:4: 585 daAuts
     D:5: 556 daAuts

Table legend:
 A = Non-vault XP
 B = Vault XP
 C = Vault XP percentage of total XP
 D = Non-vault monster count
 E = Vault monster count
 F = Vault count percentage of total count
                 A         B        C        D         E       F
            +---------+---------+-------+---------+---------+-------
      Total |   50318 |   11401 |  18.5 |     376 |      76 |  16.8
            +---------+---------+-------+---------+---------+-------
        D:1 |      44 |       0 |   0.0 |      20 |       0 |   0.0
        D:2 |     157 |      31 |  16.5 |      28 |       9 |  24.3
        D:3 |     162 |      37 |  18.6 |      34 |       1 |   2.9
        D:4 |     456 |       0 |   0.0 |      26 |       0 |   0.0
        D:5 |     271 |     101 |  27.2 |      14 |       6 |  30.0
        D:6 |     267 |     272 |  50.5 |       7 |       4 |  36.4
        D:7 |     452 |       0 |   0.0 |      13 |       0 |   0.0
        D:8 |    1096 |    1083 |  49.7 |      18 |      13 |  41.9
        D:9 |    2876 |     756 |  20.8 |      42 |      12 |  22.2
       D:10 |    4037 |     929 |  18.7 |      33 |       1 |   2.9
     Lair:1 |    7279 |    3675 |  33.5 |      27 |       5 |  15.6
     Lair:2 |    2005 |    1066 |  34.7 |      11 |       4 |  26.7
     Lair:3 |    7664 |     504 |   6.2 |      27 |       3 |  10.0
     Lair:4 |    8120 |    1358 |  14.3 |      35 |       2 |   5.4
     Lair:5 |    7395 |     311 |   4.0 |      21 |       8 |  27.6
     Lair:6 |    7229 |    1278 |  15.0 |      18 |       8 |  30.8
    Slime:1 |     808 |       0 |   0.0 |       2 |       0 |   0.0
            +---------+---------+-------+---------+---------+-------
